AoeStats
← tigremaster

Arena

507121928Analyzed
2v2 RM · 16d ago on Sep 16, 2026· 42m 28s· 4 players
Game mode
Random Map
Map size
Medium (4 player)
Population
200
Speed
Normal
Resources
Standard
Victory
Conquest
Starting age
Dark Age
Ending age
Imperial Age
RankedLock teamsTeams togetherTeam positionsShared explorationLock speedFull tech treeHidden civsTurbo modeCheats
Victory
Defeat
🇦🇷 Mongols · Argentina
1170
+9
🇦🇷 Italians · Argentina
877
+21
🇦🇷 Spanish · Argentina
1041
-17
🇦🇷 Goths · Argentina
944
-13
Loco-Pro
11:28 Feudal Age
12:17 Double-Bit Axe
17:11 Castle Age
15:20 Horse Collar
16:45 Fletching
29:09 Wheelbarrow
30:15 Heavy Plow
37:10 Loom
38:43 Wheelbarrow
40:32 Elite Skirmisher
tigremaster
10:06 Feudal Age
13:41 Loom
16:07 Castle Age
15:13 Double-Bit Axe
15:10 Horse Collar
16:05 Man-at-Arms
22:20 Long Swordsman
23:25 Forging
23:23 Scale Mail Armor
28:13 Iron Casting
28:23 Squires
32:17 Imperial Age
30:42 Arson
31:21 Chain Mail Armor
32:07 Wheelbarrow
33:00 Two-Handed Swordsman
34:23 Plate Mail Armor
34:04 Heavy Plow
34:16 Bow Saw
35:08 Bow Saw
37:14 Blast Furnace
39:56 Gold Mining
Pablo
11:18 Feudal Age
15:46 Castle Age
17:46 Double-Bit Axe
19:02 Padded Archer Armor
29:55 Leather Archer Armor
Pem
11:31 Feudal Age
18:10 Castle Age
16:36 Horse Collar
16:53 Stone Mining
18:19 Double-Bit Axe
18:32 Gold Mining
27:05 Scale Mail Armor
27:37 Squires
29:00 Forging
30:50 Wheelbarrow
30:17 Heavy Plow
30:55 Chain Mail Armor
32:27 Bow Saw
35:36 Imperial Age
34:46 Anarchy
35:24 Iron Casting
35:29 Hand Cart
36:24 Perfusion
36:44 Conscription
40:20 Two-Man Saw
39:52 Crop Rotation
40:19 Elite Huskarl
42:14 Blast Furnace
Connection lost

Rejoining the realm…

Still unreachable

The connection could not be restored.

Session expired

The server has moved on; the page needs a fresh start.